 Seeded DCSS version 0.31-a0-983-g7b6862f502 (webtiles) character file.

Game seed: 13263922787007048489 (custom seed)

144 thriggle the Trooper (level 5, -5/43 HPs)
             Began as a Barachi Monk on Nov 2, 2023.
             Was an Initiate of Ashenzari.
             Killed by divine providence
             ... invoked by an orc priest
              (8 damage)
             ... on level 4 of the Dungeon.
             The game lasted 00:07:17 (2238 turns).

thriggle the Trooper (Barachi Monk)                 Turns: 2238, Time: 00:07:17

Health: -5/43      AC:  5    Str: 12    XL:     5   Next: 26%
Magic:  5/5        EV: 14    Int: 10    God:    Ashenzari [......]
Gold:   121        SH:  0    Dex: 17    Spells: 4/4 levels left

rFire   . . .        u - +0 long sword
rCold   . . .        d - orb {light}
rNeg    + + .        f - +2 robe of the Constellations {rN++}
rPois   .            (no helmet)
rElec   .            (no cloak)
rCorr   .            m - +0 pair of gloves
SInv    .            (no boots)
Will    .....        (no amulet)
Stlth   +            (no ring)
HPRegen 0.27/turn    (no ring)
MPRegen 0.09/turn

%: no passive effects
@: glowing, slow
A: amphibious, slowness 1, strong legs 1, +LOS
a: Hop, Renounce Religion, Curse Item


You were on level 4 of the Dungeon.
You worshipped Ashenzari.
Ashenzari was noncommittal.
You visited 1 branch of the dungeon, and saw 4 of its levels.

You collected 121 gold pieces.

Inventory:

Hand Weapons
 a - a +0 falchion
 u - a +0 long sword (weapon)
Missiles
 p - 17 stones
 r - 6 poisoned darts
Armour
 b - a +0 robe
 d - an orb of light (worn)
 f - the +2 robe of the Constellations (worn) {rN++}
   (You acquired it on level 2 of the Dungeon)

   rN++:      It greatly protects you from negative energy.
 g - a +0 leather armour
 m - a +0 pair of gloves (worn)
Jewellery
 s - a ring of willpower
 t - a ring of protection from fire
Scrolls
 h - a scroll of teleportation
 i - 6 scrolls of identify {unknown}
 q - a scroll of noise {unknown}
Potions
 c - a potion of ambrosia
 e - a potion of lignification {unknown}
 j - 2 potions of invisibility {unknown}
 k - a potion of haste {unknown}
 l - a potion of brilliance {unknown}
 n - a potion of enlightenment
 o - 2 potions of curing {unknown}


   Skills:
 + Level 4.9 Fighting
 + Level 4.9 Long Blades
 + Level 4.4 Dodging
 + Level 0.5 Stealth


You had 4 spell levels left.
You didn't know any spells.
Your spell library was empty.

Dungeon Overview and Level Annotations

Branches:
Dungeon (4/15)
 Temple: D:4-7

Altars:
Ashenzari
Fedhas

Shops:
D:2 (


Innate Abilities, Weirdness & Mutations

You are amphibious.
You cover ground slowly.
You can hop short distances.
You have an extended range of vision and can be seen from far away.


Message History

The iguana is moderately wounded.
The iguana bites you but does no damage.
The gnoll hits you from afar with a +0 halberd.
You barely miss the iguana.
The iguana is moderately wounded.
The iguana bites you. The gnoll barely misses you.
You hit the iguana but do no damage.
The iguana is moderately wounded.
The gnoll barely misses you. The iguana closely misses you.
You barely miss the iguana.
The iguana is moderately wounded.
A gnoll comes into view.
It is wielding a +0 flail and quivering datura-tipped darts.
The gnoll hits you from afar with a +0 halberd.
The iguana barely misses you.
The gnoll shouts!
You hit the iguana.
The iguana is heavily wounded.
The orc priest mumbles some strange prayers to Beogh against you.
Beogh smites you! The gnoll closely misses you. The iguana closely misses you.
You slash the iguana!
You kill the iguana!
The gnoll hits you from afar with a +0 halberd.
You slash the orc priest!
The orc priest is heavily wounded.
The orc priest closely misses you.
The gnoll hits you from afar with a +0 halberd. x2
* * * LOW HITPOINT WARNING * * *
The orc priest looks satisfied for a moment.
You slash the orc priest!
The orc priest is almost dead.
The orc priest mumbles some strange prayers to Beogh against you.
Beogh smites you!
* * * LOW HITPOINT WARNING * * *
The gnoll barely misses you. The gnoll attacks as it pursues you!
The gnoll closely misses you.
You barely miss the orc priest.
The orc priest is almost dead.
The orc priest invokes the aid of Beogh against you.
Beogh smites you!
You die...

##....W.
#!..g.$g
.......
#.......
..#.... .....
...
#W##########
#.go@......#
#.########.# #.
#.# #. ### #.#
#. ##.## #.#
#.##<..###.#
.##.#.....##.#
............#.#
####.......##.#


You could see a phantom, an orc priest and a gnoll.

Vanquished Creatures
  Jessica (D:3)
  An iguana (D:4)
  4 adders (D:2)
  4 orcs
  2 endoplasms (D:1)
  3 giant cockroaches
  4 goblins
  7 hobgoblins
  2 jackals (D:3)
  A quokka (D:1)
  6 ball pythons
  4 bats
  5 frilled lizards
  5 kobolds
  4 rats
53 creatures vanquished.

Notes
Turn   | Place    | Note
-------+----------+-------------------------------------------
     0 | D:1      | thriggle the Barachi Monk began the quest for the Orb.
     0 | D:1      | Reached XP level 1. HP: 18/18 MP: 1/1
   125 | D:1      | Reached XP level 2. HP: 25/25 MP: 2/2
   760 | D:2      | Reached XP level 3. HP: 30/30 MP: 3/3
   844 | D:2      | Identified a scroll of acquirement
   844 | D:2      | Acquired the +2 robe of the Constellations {rN++}
   969 | D:2      | Found a broken altar of Ashenzari.
   995 | D:2      | Became a worshipper of Ashenzari the Shackled
  1146 | D:2      | Reached XP level 4. HP: 38/38 MP: 4/4
  1261 | D:2      | Found Keruzami's Weapon Shoppe.
  1658 | D:3      | Noticed Jessica
  1667 | D:3      | Killed Jessica
  1774 | D:3      | Found a blossoming altar of Fedhas.
  2183 | D:4      | Noticed an ogre
  2223 | D:4      | Noticed a phantom
  2226 | D:4      | Reached XP level 5. HP: 43/43 MP: 5/5
  2238 | D:4      | Killed from afar by an orc priest

Illustrated notes

Levels and vault maps discovered:
D:1:      psy_arrival_fountain, layout_basic, minmay_hexomino_f4
D:2:      layout_basic, serial_shops, shop, basic_altar, st_stairs_6,
          skrybe_limestone_x
D:3:      layout_loops_ring, fedhas_altar_2, kennysheep_minor_cross,
          uniq_jessica
D:4:      layout_loops_ring, serial_shops, shop, shop,
          gammafunk_ghost_necromancy, uniq_edmund

Skill      XL: |  1  2  3 |
---------------+----------+-----
Long Blades    | 4 |  4.9
Fighting       | 4 |  4.9
Dodging        | 4 |  4.4
Stealth        | |  0.5

Action                     |  1- 3 |  4- 6 || total
---------------------------+-------+-------++-------
  Melee: Falchion          |    63 |    27 ||    90
         Long sword        |       |    15 ||    15
    Use: Scroll            |     3 |       ||     3
         Potion            |     2 |       ||     2
 Armour: Robe              |    17 |    18 ||    35
         Leather armour    |    23 |       ||    23
  Dodge: Dodged            |    51 |    27 ||    78

Table legend: (Time is in decaauts)
 A = Elapsed time spent in this place.
 B = Non-inter-level travel time spent in this place.
 C = Inter-level travel time spent in this place.
 D = Time resting spent in this place.
 E = Time spent auto-exploring this place.
 F = Levels seen in this place.
 G = Mean time per level.
                   A        B        C        D        E       F      G
               +--------+--------+--------+--------+--------+-----+--------+
         Total |   2645 |   2537 |    108 |      0 |   1698 |   4 |  661.2 |
       Dungeon |   2645 |   2537 |    108 |      0 |   1698 |   4 |  661.2 |
               +--------+--------+--------+--------+--------+-----+--------+

Top non-repeatable levels by time:
     D:2: 972 daAuts
     D:1: 870 daAuts
     D:3: 748 daAuts
     D:4: 54 daAuts
